 Dungeon Crawl Stone Soup version 0.26-a0-639-g72c4674329 (webtiles) character file.

Game seed: 3052988731501045948

127946 Arvaildir the Geomancer (level 17, -3/105 HPs)
             Began as a Gargoyle Earth Elementalist on Sept 20, 2020.
             Was the Champion of Vehumet.
             Killed from afar by a fire giant (54 damage)
             ... with a fireball
             ... on level 15 of the Dungeon.
             The game lasted 01:32:21 (30187 turns).

Arvaildir the Geomancer (GrEE)                     Turns: 30187, Time: 01:32:23

Health: -3/105     AC: 22    Str: 12    XL:     17   Next: 2%
Magic:  32/32      EV: 17    Int: 23    God:    Vehumet [******]
Gold:   578        SH:  0    Dex: 13    Spells: 8/38 levels left

rFire    . . .     SeeInvis .   t - +10 dark maul {vorpal}
rCold    + + +     Faith    .   (shield currently unavailable)
rNeg     + . .     Spirit   .   L - +2 robe of Vines {NoPotionHeal Regen+7}
rPois    ∞         Reflect  .   (no helmet)
rElec    +         Harm     .   N - +0 cloak {rCorr}
rCorr    +         Rampage  .   D - +1 pair of gloves
MR       +....                  H - +0 pair of boots of the Everdark {rPois rC+++ Dex-3} (curse)
Stlth    ++........             I - amulet of regeneration
HPRegen  3.47/turn              p - ring of wizardry
MPRegen  0.23/turn              y - +6 ring of dexterity

@: mighty, stab, flying
A: big wings, negative energy resistance 1, electricity resistance, unbreathing,
petrification resistance, rot immunity, AC +12
a: Stop Flying, Renounce Religion


You were on level 15 of the Dungeon.
You worshipped Vehumet.
Vehumet was exalted by your worship.
You visited 4 branches of the dungeon, and saw 24 of its levels.
You also visited: Sewer, Ossuary, Ice Cave and Volcano.

You collected 4798 gold pieces.
You spent 4220 gold pieces at shops.

Inventory:

Hand Weapons
 t - the +10 dark maul (weapon) {vorpal}
   (You found it on level 4 of the Lair of Beasts)

   It inflicts extra damage upon your enemies.
 w - a +9 eveningstar
Missiles
 b - 568 stones (quivered)
 E - 2 throwing nets
Armour
 f - the +0 pair of gloves "Xirghif" {+Blink}
   (You found it on level 5 of the Dungeon)

   It lets you blink.
 l - a +0 pair of boots
 D - a +1 pair of gloves (worn)
 H - the cursed +0 pair of boots of the Everdark (worn) {rPois rC+++ Dex-3}
   (You bought it in a shop on level 2 of the Orcish Mines)

   It affects your dexterity (-3).
   It renders you almost immune to cold.
   It protects you from poison.
   It has a curse placed upon it.
 L - the +2 robe of Vines (worn) {NoPotionHeal Regen+7}
   (You bought it in a shop on level 2 of the Orcish Mines)

   It increases your rate of regeneration.
 N - a +0 cloak of preservation (worn)
Jewellery
 p - a ring of wizardry (left hand)
 y - a +6 ring of dexterity (right hand)
 I - an amulet of regeneration (around neck)
Wands
 a - a wand of polymorph (16)
 d - a wand of acid (11)
 A - a wand of iceblast (13)
 C - a wand of random effects (8)
 G - a wand of paralysis (10)
 O - a wand of enslavement (13)
 P - a wand of flame (6)
Scrolls
 h - 9 scrolls of teleportation
 i - 3 scrolls of magic mapping
 k - 6 scrolls of fog
 m - 6 scrolls of fear
 n - 4 scrolls of blinking
 r - 5 scrolls of amnesia
 z - a scroll of enchant weapon
 B - a scroll of immolation
 F - 4 scrolls of remove curse
 M - a scroll of identify
Potions
 c - 3 potions of berserk rage
 e - 14 potions of curing
 g - 2 potions of magic
 j - 2 potions of stabbing
 o - 3 potions of brilliance
 q - 5 potions of lignification
 s - 9 potions of heal wounds
 u - 2 potions of might
 v - 2 potions of invisibility
 J - 2 potions of cancellation
 K - 2 potions of resistance
Miscellaneous
 x - a box of beasts (3/3)


   Skills:
 + Level 11.6 Fighting
 + Level 10.8 Maces & Flails
 - Level 6.0 Armour
 + Level 9.4 Dodging
 - Level 2.1 Stealth
 + Level 11.1 Spellcasting
 + Level 12.7 Conjurations
 - Level 0.7 Transmutations
 * Level 9.9 Fire Magic
 + Level 14.2 Earth Magic
 - Level 6.0 Evocations


You had 8 spell levels left.
You knew the following spells:

 Your Spells              Type           Power        Failure   Level
a - Sandblast             Erth           ######       0%          1
b - Stone Arrow           Conj/Erth      ######       1%          3
c - Lee's Rapid Deconstr  Erth           ######....   1%          5
d - Mephitic Cloud        Conj/Pois/Air  ####....     1%          3
e - Bolt of Magma         Conj/Fire/Erth ######....   1%          5
f - Starburst             Conj/Fire      ######....   1%          6
g - Passwall              Tmut/Erth      #####...     1%          2
h - Irradiate             Conj/Tmut      #####.....   1%          5

Your spell library contained the following spells:

 Spells                   Type           Power        Failure   Level
 Spellforged Servitor     Conj/Summ      #####.....   30%         7
 Animate Skeleton         Necr           ##....       1%          1
 Apportation              Tloc           ##....       1%          1
 Corona                   Hex            ##.....      1%          1
 Freeze                   Ice            ##..         1%          1
 Magic Dart               Conj           ####         1%          1
 Summon Small Mammal      Summ           ##..         1%          1
 Conjure Flame            Conj/Fire      ######..     1%          3
 Frozen Ramparts          Ice            ##....       1%          3
 Inner Flame              Hex/Fire       #####...     1%          3
 Hailstorm                Conj/Ice       #####...     1%          4
 Leda's Liquefaction      Hex/Erth       #####.....   1%          4
 Petrify                  Tmut/Erth      #####...     1%          4
 Blink                    Tloc           N/A          3%          2
 Call Imp                 Summ           ##......     3%          2
 Slow                     Hex            ##......     3%          2
 Call Canine Familiar     Summ           ##......     6%          3
 Confusing Touch          Hex            ##......     6%          3
 Gell's Gravitas          Tloc           ##........   6%          3
 Ozocubu's Armour         Ice            ##......     6%          3
 Portal Projectile        Hex/Tloc       ##....       6%          3
 Summon Guardian Golem    Hex/Summ       ##......     6%          3
 Yara's Violent Unravell  Hex/Tmut       ##........   13%         5
 Freezing Cloud           Conj/Ice/Air   ####......   14%         6
 Ice Form                 Ice/Tmut       ##......     17%         4
 Cause Fear               Hex            ##........   21%         4
 Summon Ice Beast         Ice/Summ       ##......     21%         4
 Summon Lightning Spire   Summ/Air       ##......     21%         4
 Metabolic Englaciation   Hex/Ice        ##........   45%         5
 Ozocubu's Refrigeration  Ice            ##........   54%         6
 Simulacrum               Ice/Necr       ##........   95%         6


Dungeon Overview and Level Annotations

Branches:
Dungeon (15/15)            Temple (1/1) D:5            Lair (6/6) D:11
  Swamp (0/4) Lair:3       Spider (0/4) Lair:4        Slime (0/5) Lair:6
    Orc (2/2) D:11            Elf (0/3) Orc:2        Vaults (0/5) D:14
  Sewer (visited)         Ossuary (visited)           IceCv (visited)
Volcano (visited)
 Depths: D:15

Altars:
Ashenzari
Cheibriados
Elyvilon
Fedhas
Kikubaaqudgha
Makhleb
Nemelex Xobeh
Okawaru
Qazlal
Ru
Uskayaw
Vehumet
Wu Jian
Xom
Yredelemnul
Zin
Beogh
Lugonu

Shops:
D:4 *   D:7 ?   D:15 :   Orc:1 (   Orc:2 *(=[


Innate Abilities, Weirdness & Mutations

You are resistant to torment.
Your stone body is resilient. (AC +12)
You are immune to poison.
Your large and strong wings let you fly indefinitely.
You resist negative energy. (rN+)
You are resistant to electric shocks. (rElec)
You can survive without breathing.
You are immune to petrification.
You are immune to rotting.


Message History

A fire giant is nearby!
You now have 578 gold pieces (gained 31).
Okay, then.
You feel ready to backstab.
You feel very mighty all of a sudden. The fire giant casts a spell at you.
The fireball explodes!
The fireball engulfs you!!
The fireball engulfs the fire giant.
The fire giant completely resists.
You bludgeon the fire giant!!
The fire giant is heavily wounded.
The fire giant hits you with a +1 great sword of flaming!!
The fire giant burns you. The fire giant completely misses you.
You completely miss the fire giant.
The fire giant is heavily wounded.
The fire giant hits you with a +1 great sword of flaming!
The fire giant burns you.
The fire giant points at you and mumbles some strange words.
The fireball explodes!
The fireball engulfs you!!!
Ouch! That really hurt!
You die...

##..§.§. #..≈.§.
#...§≈§....
#§.§≈≈§..§§
#...§#≈≈§§≈
#§....≈≈#§§.
#.#...≈§§.§.
#C##.§.§§.§.
#@##..#.....
#.......##.#
#########.......#
#.........#########
#.######### ###.. .
#......### .... #
###......####
#<.### #..........
#..... #...........
...#


You could see a fire giant.

Vanquished Creatures
  Jorgrun (D:12)
  An orc warlord (Orc:2)
  A frost giant (IceCv)
  Azrael (D:12)
  The ghost of Coajikh the Covert, a journeyman HuAr of Trog (D:12)
  Snorg (Lair:3)
  3 ogre magi
  A rakshasa (D:14)
  The ghost of Anness the Destroyer, a journeyman DsFE of Vehumet (Lair:4)
  4 catoblepae (Lair:6)
  5 vault guards (D:14)
  7 hydras
  2 centaur warriors
  A death knight (D:13)
  16 two-headed ogres
  6 death yaks (Lair:6)
  2 orc high priests (Orc:2)
  A hell knight (Volcano)
  4 skeletal warriors
  4 unseen horrors
  A wizard (D:14)
  A deep elf archer (D:14)
  7 orc knights
  4 orc sorcerers (Orc:2)
  3 deep elf magi
  5 manticores
  18 ugly things
  14 elephants
  6 centaur zombies
  2 gargoyles
  6 black mambas
  An ice statue (IceCv)
  8 cane toads
  8 komodo dragons
  A tengu conjurer (D:14)
  A rime drake (Lair:5)
  A freezing wraith (D:14)
  10 trolls
  3 hornets
  A queen bee (shapeshifter) (D:14)
  A red devil (Volcano)
  33 blink frogs
  22 polar bears
  18 hippogriffs
  3 wraiths
  4 wyverns
  8 spriggans
  A water elemental (D:15)
  4 basilisks
  3 fire elementals (D:12)
  A human (D:14)
  3 shadows
  74 yaks
  9 vampire mosquitoes
  A harpy simulacrum (D:15)
  4 acid dragons
  11 water moccasins
  3 wargs
  A soldier ant (D:11)
  5 hell hounds
  9 porcupines
  2 hornet zombies
  14 ice beasts
  33 orc warriors
  5 sky beasts
  2 phantoms
  A black bear (Lair:4)
  10 ogres
  22 wolves
  A boggart (Lair:4)
  A necrophage (D:15)
  10 centaurs
  12 crocodiles
  7 big kobolds
  25 bullfrogs
  A wyvern zombie (D:13)
  A wyvern skeleton (D:14)
  2 scorpions
  23 killer bees
  25 wights
  3 electric eels
  3 howler monkeys
  3 human zombies (Ossuary)
  12 hounds
  27 orc priests
  4 jellies
  29 orc wizards
  4 bullfrog skeletons
  5 centaur skeletons
  8 iguanas
  10 worker ants
  2 big kobold zombies (Ossuary)
  2 human simulacra (D:10)
  A hound zombie (Ossuary)
  3 mummies (Ossuary)
  2 worker ant zombies
  3 gnolls (D:6)
  24 adders
  4 river rats
  3 white imps
  2 ufetubi
  An ooze (D:8)
  6 adder zombies
  4 worms (D:3)
  An adder skeleton (D:4)
  3 dart slugs (D:1)
  3 leopard geckos
  119 orcs
  6 giant cockroaches
  3 gnoll zombies (Ossuary)
  3 goblins
  5 hobgoblins
  10 jackals
  35 kobolds
  5 quokkas
  11 ball pythons
  3 bats
  5 frilled lizards
  5 goblin zombies (Ossuary)
  A hobgoblin zombie (Ossuary)
  4 jackal zombies (Ossuary)
  4 kobold zombies (Ossuary)
  A leopard gecko skeleton (D:5)
  2 orc zombies (Ossuary)
  4 quokka zombies (Ossuary)
  38 rats
  2 rat zombies (Ossuary)
1017 creatures vanquished.

Vanquished Creatures (others)
  An orc wizard (Orc:2)
  2 orcs
  3 bushes (D:11)
  17 fungi
  53 plants
76 creatures vanquished.

Grand Total: 1093 creatures vanquished

Notes
Turn   | Place    | Note
-------+----------+-------------------------------------------
     0 | D:1      | Arvaildir the Gargoyle Earth Elementalist began the quest
                  | for the Orb.
     0 | D:1      | Reached XP level 1. HP: 10/10 MP: 3/3
   106 | D:1      | Reached XP level 2. HP: 15/15 MP: 5/5
   140 | D:1      | Reached skill level 4 in Earth Magic
   606 | D:1      | Reached XP level 3. HP: 19/19 MP: 7/7
   611 | D:1      | Learned a level 3 spell: Stone Arrow
   694 | D:2      | You fall into a shaft and drop 2 floors!
   724 | D:4      | Reached skill level 1 in Conjurations
   724 | D:4      | Reached XP level 4. HP: 16/24 MP: 1/8
  1034 | D:3      | Reached skill level 5 in Earth Magic
  1102 | D:3      | Reached XP level 5. HP: 28/28 MP: 3/9
  1162 | D:3      | Found a glowing drain.
  1170 | Sewer    | Entered a sewer
  1558 | Sewer    | Learned a level 5 spell: Lee's Rapid Deconstruction
  1851 | Sewer    | Reached XP level 6. HP: 15/32 MP: 5/11
  2449 | Sewer    | Reached skill level 6 in Earth Magic
  3201 | D:3      | Reached XP level 7. HP: 32/36 MP: 11/13
  5034 | D:4      | Found Atwukhen's Lightly-Used Armoury.
  5039 | D:4      | Bought a -1 eveningstar for 110 gold pieces
  5489 | D:4      | Found a sparkling altar of Nemelex Xobeh.
  5490 | D:4      | Found a hide-covered altar of Uskayaw.
  5490 | D:4      | Found a sacrificial altar of Ru.
  5492 | D:4      | Found a stormy altar of Qazlal.
  5494 | D:4      | Found a shattered altar of Ashenzari.
  5495 | D:4      | Found a burning altar of Makhleb.
  5515 | D:5      | Entered Level 5 of the Dungeon
  5539 | D:5      | Found a sand-covered staircase.
  5569 | Ossuary  | Entered an ossuary
  5854 | Ossuary  | Reached skill level 7 in Earth Magic
  6294 | Ossuary  | Reached skill level 5 in Spellcasting
  6363 | Ossuary  | Reached XP level 8. HP: 39/41 MP: 15/15
  6367 | Ossuary  | Reached skill level 5 in Conjurations
  7114 | D:5      | Reached skill level 1 in Fighting
  7208 | D:5      | Reached skill level 1 in Armour
  7209 | D:5      | Reached skill level 1 in Maces & Flails
  7209 | D:5      | Reached skill level 1 in Evocations
  7312 | D:5      | Got a pair of faintly humming gloves
  7320 | D:5      | Identified the cursed +0 pair of gloves "Xirghif" {+Blink}
                  | (You found it on level 5 of the Dungeon)
  7328 | D:5      | Found a staircase to the Ecumenical Temple.
  7356 | Temple   | Entered the Ecumenical Temple
  7392 | Temple   | Became a worshipper of Vehumet
  8146 | D:6      | Found a white marble altar of Elyvilon.
  8150 | D:6      | Noticed Maggie
  8153 | D:6      | Noticed Maggie
  8153 | D:6      | Maggie changed into Maggie the bullfrog
  8156 | D:6      | Killed Maggie the bullfrog
  8246 | D:6      | Reached XP level 9. HP: 48/48 MP: 14/17
  8275 | D:6      | Reached * piety under Vehumet
  8275 | D:6      | Offered knowledge of Freeze by Vehumet.
  8844 | D:7      | Found a shimmering altar of Xom.
  8847 | D:7      | Reached skill level 8 in Earth Magic
  9396 | D:7      | Found Intet's Magic Scroll Shoppe.
 10298 | D:8      | Reached ** piety under Vehumet
 10298 | D:8      | Offered knowledge of Searing Ray by Vehumet.
 10667 | D:8      | Learned a level 3 spell: Mephitic Cloud
 10916 | D:8      | Noticed a two-headed ogre
 10921 | D:8      | Killed a two-headed ogre
 10921 | D:8      | Reached XP level 10. HP: 56/56 MP: 11/19
 12145 | D:10     | Entered Level 10 of the Dungeon
 12150 | D:10     | Offered knowledge of Ignite Poison by Vehumet.
 12278 | D:10     | Noticed a two-headed ogre
 12410 | D:10     | Killed a two-headed ogre
 12410 | D:10     | Reached skill level 9 in Earth Magic
 13329 | D:10     | Reached *** piety under Vehumet
 13572 | D:11     | Reached skill level 5 in Fighting
 13623 | D:11     | Reached skill level 5 in Armour
 13623 | D:11     | Reached XP level 11. HP: 63/63 MP: 14/21
 13716 | D:11     | Found a staircase to the Orcish Mines.
 13846 | D:11     | Noticed a manticore
 13866 | D:11     | Killed a manticore
 13866 | D:11     | Offered knowledge of Inner Flame by Vehumet.
 13866 | D:11     | Reached skill level 5 in Maces & Flails
 14100 | D:11     | Found a staircase to the Lair.
 14137 | D:11     | Reached **** piety under Vehumet
 14325 | D:11     | Offered knowledge of Static Discharge by Vehumet.
 14507 | D:11     | Reached skill level 5 in Dodging
 14541 | D:11     | Noticed a two-headed ogre
 14541 | D:11     | Noticed a two-headed ogre
 14546 | D:11     | Noticed an ogre mage
 14547 | D:11     | Noticed a two-headed ogre
 14548 | D:11     | Noticed a two-headed ogre
 14550 | D:11     | Killed a two-headed ogre
 14550 | D:11     | Reached skill level 5 in Evocations
 14553 | D:11     | Killed an ogre mage
 14553 | D:11     | Reached skill level 10 in Earth Magic
 14554 | D:11     | Killed a two-headed ogre
 14555 | D:11     | Noticed a two-headed ogre
 14555 | D:11     | Noticed a two-headed ogre
 14565 | D:11     | Killed a two-headed ogre
 14565 | D:11     | Reached XP level 12. HP: 48/71 MP: 7/23
 14565 | D:11     | Killed a two-headed ogre
 14566 | D:11     | Killed a two-headed ogre
 14567 | D:11     | Killed a two-headed ogre
 15089 | D:12     | Noticed Jorgrun
 15115 | D:12     | Killed Jorgrun
 15175 | D:12     | Reached ***** piety under Vehumet
 15192 | D:12     | Found a hide-covered altar of Uskayaw.
 15210 | D:12     | Noticed a two-headed ogre
 15214 | D:12     | Killed a two-headed ogre
 15214 | D:12     | Offered knowledge of Ozocubu's Refrigeration by Vehumet.
 15242 | D:12     | Noticed a seven-headed hydra
 15247 | D:12     | Killed a seven-headed hydra
 15287 | D:12     | Noticed Azrael
 15443 | D:12     | Killed Azrael
 15443 | D:12     | Reached skill level 11 in Earth Magic
 15503 | D:12     | Reached XP level 13. HP: 78/78 MP: 19/25
 15807 | D:12     | Found a runed translucent gate.
 15807 | D:12     | Found a runed translucent gate.
 15807 | D:12     | Identified the +7 plate armour "Luokul" {rElec rN+++ Str-5}
 15809 | D:12     | Found a runed translucent gate.
 15809 | D:12     | Noticed Coajikh's ghost (journeyman HuAr)
 15811 | D:12     | Found a roughly hewn altar of Beogh.
 16268 | D:7      | Bought a scroll of acquirement for 676 gold pieces
 16269 | D:7      | Acquired 1180 gold pieces
 16274 | D:7      | Bought a scroll of enchant weapon for 97 gold pieces
 16274 | D:7      | Bought 3 scrolls of enchant weapon for 292 gold pieces
 16274 | D:7      | Bought a scroll of blinking for 97 gold pieces
 16274 | D:7      | Bought a scroll of immolation for 45 gold pieces
 16274 | D:7      | Bought a scroll of teleportation for 39 gold pieces
 16438 | D:12     | Killed Coajikh's ghost
 16676 | D:13     | Found a corrupted altar of Lugonu.
 16684 | D:13     | Identified Lugonu's Collected Works on Damage Dealing
 16721 | D:13     | Reached skill level 10 in Conjurations
 18075 | D:14     | Reached skill level 12 in Earth Magic
 18079 | D:14     | Offered knowledge of Bolt of Magma by Vehumet.
 18616 | D:14     | Noticed a rakshasa
 18622 | D:14     | Killed a rakshasa
 18622 | D:14     | Gained mutation: Your large and strong wings let you fly
                  | indefinitely. [Gargoyle growth]
 18622 | D:14     | Reached XP level 14. HP: 55/86 MP: 15/27
 18676 | D:14     | Learned a level 5 spell: Bolt of Magma
 18719 | D:14     | Reached skill level 1 in Fire Magic
 19371 | D:14     | Offered knowledge of Iskenderun's Battlesphere by Vehumet.
 20309 | D:14     | Found a gate to the Vaults.
 20439 | Lair:1   | Entered Level 1 of the Lair of Beasts
 20727 | Lair:1   | Reached skill level 10 in Fighting
 20990 | Lair:1   | Found a frozen archway.
 20999 | Lair:1   | Reached skill level 5 in Fire Magic
 21014 | IceCv    | Entered an ice cave
 21193 | IceCv    | Reached XP level 15. HP: 68/92 MP: 15/28
 21218 | IceCv    | Reached skill level 10 in Spellcasting
 21533 | IceCv    | Noticed a frost giant
 21543 | IceCv    | Reached skill level 13 in Earth Magic
 21543 | IceCv    | Killed a frost giant
 21543 | IceCv    | Offered knowledge of Starburst by Vehumet.
 21551 | IceCv    | Learned a level 6 spell: Starburst
 22454 | Lair:2   | Reached ****** piety under Vehumet
 23102 | Lair:3   | Noticed Snorg
 23333 | Lair:3   | Found a dark tunnel.
 23343 | Volcano  | Entered a volcano
 23419 | Volcano  | Learned a level 2 spell: Passwall
 23750 | Lair:3   | Killed Snorg
 23939 | Lair:3   | Found a staircase to the Swamp.
 24448 | Lair:4   | Found a hole to the Spider Nest.
 24542 | Lair:4   | Offered knowledge of Irradiate by Vehumet.
 24598 | Lair:4   | Found a runed translucent door.
 24598 | Lair:4   | Identified the +2 spear of Qofivom {protect, *Rage rElec
                  | Str+2}
 24601 | Lair:4   | Noticed Anness's ghost (journeyman DsFE)
 24602 | Lair:4   | Found the +10 dark maul {vorpal}
 24614 | Lair:4   | Killed Anness's ghost
 25036 | Lair:4   | Reached skill level 10 in Maces & Flails
 25776 | Lair:5   | Acquired 1240 gold pieces
 25841 | Lair:5   | Reached XP level 16. HP: 46/99 MP: 18/30
 25851 | Lair:5   | Learned a level 5 spell: Irradiate
 26423 | Lair:6   | Entered Level 6 of the Lair of Beasts
 26423 | Lair:6   | Found a staircase to the Slime Pits.
 27327 | Lair:6   | Offered knowledge of Lightning Bolt by Vehumet.
 27941 | Orc:1    | Entered Level 1 of the Orcish Mines
 28186 | Orc:2    | Entered Level 2 of the Orcish Mines
 28334 | Orc:2    | Reached skill level 14 in Earth Magic
 28396 | Orc:2    | Paralysed by an orc sorcerer for 4 turns
 28474 | Orc:2    | Offered knowledge of Spellforged Servitor by Vehumet.
 28603 | Orc:2    | Found a staircase to the Elven Halls.
 28696 | Orc:1    | Found Cokk's Antique Weapon Emporium.
 28978 | Orc:2    | Found a roughly hewn altar of Beogh.
 29003 | Orc:2    | Found Noduommu's General Store.
 29038 | Orc:2    | Found Atzabom's Antique Weapon Shoppe.
 29065 | Orc:2    | Found Boestrya's Antique Armour Shoppe.
 29083 | Orc:2    | Found Zitimi's Jewellery Shoppe.
 29107 | Orc:2    | Bought a pair of polished boots for 304 gold pieces
 29117 | Orc:2    | Identified the cursed +0 pair of boots of the Everdark
                  | {rPois rC+++ Dex-3} (You bought it in a shop on level 2 of
                  | the Orcish Mines)
 29249 | Orc:2    | Bought the +2 robe of Vines {NoPotionHeal Regen+7} for 2560
                  | gold pieces
 29249 | Orc:2    | Found the +2 robe of Vines {NoPotionHeal Regen+7}
 29719 | D:15     | Entered Level 15 of the Dungeon
 30046 | D:15     | Reached XP level 17. HP: 105/105 MP: 32/32
 30067 | D:15     | Found Wafiz's Book Shop.
 30187 | D:15     | Killed from afar by a fire giant

Illustrated notes

Levels and vault maps discovered:
D:1:      roderic_dead_forest, layout_rooms
D:2:      layout_basic, minmay_randomly_rotated_circles
D:3:      layout_basic, lightli_sewer_entry_pipes, patterned_corridor
D:4:      layout_loops_cross, minitemple, minmay_shop_damaged
D:5:      wad_pebble_path, layout_loops_ring, minmay_temple_entry_tees,
          enter_ossuary_2, sigmund_army
D:6:      layout_cave_pools, elyvilon_altar_5, uniq_maggie
D:7:      layout_layer_cave, serial_shops, shop, basic_altar
D:8:      layout_basic
D:9:      layout_cross
D:10:     layout_loops_cross, bh_circular_ruins
D:11:     layout_stronghold, minmay_lair_entry_grove
D:12:     kennysheep_blocky_hall, layout_basic, biasface_ghost_orc_armoury,
          basic_altar, minmay_misc_feat_chi, drop_trap, uniq_azrael,
          uniq_jorgrun
D:13:     layout_grid_maze, tgw_lugonu_bribe
D:14:     cheibrodos_elevator_heist, layout_small_grid,
          grunt_vaults_entry_fortified, serial_park_square3
          [serial_park_minivault_5x5_2]
D:15:     grunt_enter_depths_giant_problem, layout_loops_cross, serial_ice,
          serial_ice_e, serial_ice_n, serial_ice_d, serial_ice_i, serial_shops,
          nicolae_shop_temple_entry_statues_fountains, minmay_curled_crystal
Temple:   regret_index_temple_waves
Lair:1:   kb_forest_paths, layout_regular_city,
          portal_ice_cave_entry_ice_beasts, beast_lair_carwin_4,
          lemuel_fruit_tree, infiniplex_staircase_pool
Lair:2:   layout_gridlike
Lair:3:   layout_regular_city, minmay_swamp_entry_swarm,
          lightli_volcano_entry_magma_tube, uniq_snorg
Lair:4:   layout_loops_ring, dummy_spider_entry, ebering_ghost_funeral_grove
Lair:5:   layout_big_grid, serial_bayou_shore_a
Lair:6:   evilmike_catoblepas_cave, layout_small_grid, slime_dummy,
          serial_bayou_shore_b
Orc:1:    layout_diamond_mine, serial_shops, nicolae_shop_behind_doors
Orc:2:    grunt_orc_cross, layout_caves

Skill      XL: |  1  2  3  4  5  6  7  8  9 10 11 12 13 14 15 16 |
---------------+-------------------------------------------------+-----
Earth Magic    | 4 5 6 7 8 9 10 11 12 13 14 | 14.2
Spellcasting   | 3 4 5 6 7 8 9 10 11 | 11.1
Conjurations   | 1 2 3 4 5 6 7 8 9 10 11 12 | 12.7
Fighting       | 2 4 5 6 7 9 10 11 | 11.6
Armour         | 2 3 5 6 |  6.0
Dodging        | 2 3 4 5 6 7 8 9 |  9.4
Maces & Flails | 2 3 4 5 7 8 9 10 | 10.8
Evocations     | 1 3 4 5 6 |  6.0
Fire Magic     | 5 7 9 |  9.9
Stealth        | |  2.1
Transmutations | |  0.7

Action                   |  1- 3 |  4- 6 |  7- 9 | 10-12 | 13-15 | 16-18 || total
-------------------------+-------+-------+-------+-------+-------+-------++-------
Melee: Unarmed           |     8 |       |       |       |       |       ||     8
       Dagger            |    75 |   222 |   931 |   141 |       |       ||  1369
       Eveningstar       |       |       |       |   200 |   847 |    10 ||  1057
       Maul              |       |       |       |       |    58 |   225 ||   283
 Cast: Sandblast         |    11 |    50 |    98 |    44 |     8 |     1 ||   212
       Lee's Rapid Decon |       |     1 |    20 |    38 |    96 |    12 ||   167
       Stone Arrow       |       |       |    13 |    64 |    49 |     1 ||   127
       Bolt of Magma     |       |       |       |       |    14 |     3 ||    17
       Starburst         |       |       |       |       |    16 |    37 ||    53
       Mephitic Cloud    |       |       |       |       |     1 |       ||     1
 Abil: Fly               |       |       |       |       |     1 |       ||     1
Evoke: Wand              |       |       |     4 |    17 |    18 |     7 ||    46
  Use: Scroll            |       |     9 |    13 |    11 |    21 |     5 ||    59
       Potion            |       |     1 |     1 |     4 |     1 |     3 ||    10
 Stab: Sleeping          |     2 |     2 |     4 |     2 |     6 |       ||    16
       Distracted        |       |       |       |       |     1 |       ||     1
Armor: Robe              |    24 |    79 |   342 |    54 |       |    63 ||   562
       Troll leather arm |       |       |       |   142 |   593 |   187 ||   922
Dodge: Dodged            |    47 |   163 |   587 |   363 |  1098 |   570 ||  2828

Table legend: (Time is in decaauts)
 A = Elapsed time spent in this place.
 B = Non-inter-level travel time spent in this place.
 C = Inter-level travel time spent in this place.
 D = Time resting spent in this place.
 E = Time spent auto-exploring this place.
 F = Levels seen in this place.
 G = Mean time per level.
                   A        B        C        D        E       F      G
               +--------+--------+--------+--------+--------+-----+--------+
         Total |  30476 |  29133 |   1343 |   6317 |  15062 |  28 | 1088.4 |
       Dungeon |  18365 |  17443 |    922 |   3404 |   9682 |  15 | 1224.3 |
        Temple |     61 |     36 |     25 |      0 |     30 |   1 |   61.0 |
          Lair |   6762 |   6476 |    286 |    659 |   4213 |   6 | 1127.0 |
  Orcish Mines |   1837 |   1728 |    109 |    385 |    729 |   2 |  918.5 |
         Sewer |   1538 |   1538 |      0 |   1079 |     99 |   1 | 1538.0 |
       Ossuary |   1015 |   1015 |      0 |    547 |     61 |   1 | 1015.0 |
      Ice Cave |    647 |    647 |      0 |    104 |    245 |   1 |  647.0 |
       Volcano |    249 |    249 |      0 |    138 |      2 |   1 |  249.0 |
               +--------+--------+--------+--------+--------+-----+--------+

Top non-repeatable levels by time:
    D:14: 2042 daAuts
    D:13: 1746 daAuts
    D:12: 1604 daAuts
   Sewer: 1538 daAuts
     D:3: 1523 daAuts
    D:11: 1497 daAuts
    D:10: 1453 daAuts
     D:7: 1448 daAuts
  Lair:6: 1310 daAuts
     D:8: 1234 daAuts
  Lair:5: 1227 daAuts
   Orc:2: 1225 daAuts
  Lair:3: 1220 daAuts
  Lair:1: 1105 daAuts
  Lair:4: 1082 daAuts
